 Dungeon Crawl Stone Soup version 0.23-a0-393-g6e9e0f2 (webtiles) character file.

220 emperorscorpion the Chopper (level 5, -2/39 HPs)
             Began as a Demonspawn Gladiator on Oct 31, 2018.
             Slain by a crocodile (10 damage)
             ... in a sewer.
             The game lasted 00:04:42 (2829 turns).

emperorscorpion the Chopper (Demonspawn Gladiator)  Turns: 2829, Time: 00:04:43

Health: -2/39      AC:  9    Str: 20    XL:     5   Next: 64%
Magic:  0/5        EV: 10    Int:  9    God:
Gold:   125        SH:  8    Dex: 15    Spells: 4/4 levels left

rFire    . . .     SeeInvis .   a - +0 war axe
rCold    . . .     Gourm    +   u - +0 shield
rNeg     . . .     Faith    .   e - +0 leather armour
rPois    .         Spirit   +   c - +0 helmet
rElec    .         Reflect  .   (no cloak)
rCorr    .         Harm     .   s - +0 pair of gloves (curse)
MR       .....                  i - +0 pair of boots (curse)
Stlth    +.........             j - amulet of the gourmand
HPRegen  0.13/turn              p - ring of flight
MPRegen  0.09/turn              (no ring)

@: mighty
A: thin metallic scales 2, magic shield
a: Evoke Flight


You were in a sewer.
You were completely stuffed.

You visited 1 branch of the dungeon, and saw 3 of its levels.
You also visited: Sewer.

You collected 125 gold pieces.

Inventory:

Hand Weapons
 a - a +0 war axe (weapon)
 b - a +0 spear
 n - a +0 blowgun
Missiles
 d - 3 throwing nets (quivered)
 m - a poisoned needle
Armour
 c - a +0 helmet (worn)
 e - a +0 leather armour (worn)
 i - a cursed +0 pair of boots (worn)
 s - a cursed +0 pair of gloves (worn)
 u - a +0 shield (worn)
Jewellery
 j - an amulet of the gourmand (around neck)
 p - a ring of flight (left hand)
 x - an uncursed ring of fire
 z - an uncursed amulet of the acrobat {unknown}
Wands
 y - a wand of random effects (11)
Scrolls
 h - 2 scrolls of random uselessness {unknown}
 k - a scroll of blinking {unknown}
 l - a scroll of fear {unknown}
 r - a scroll of identify {unknown}
 t - a scroll of teleportation {unknown}
Potions
 g - a potion of magic
 v - a potion of degeneration {unknown}
 w - a potion of curing {unknown}
Comestibles
 f - 7 rations
 o - 2 chunks of flesh


   Skills:
 + Level 2.7 Fighting
 + Level 4.8 Axes
 + Level 1.9 Throwing
 + Level 1.5 Armour
 + Level 3.1 Dodging
 + Level 0.6 Shields


You had 4 spell levels left.
You didn't know any spells.
Your spell library was empty.

Dungeon Overview and Level Annotations

Branches:
Dungeon (3/15)

Altars:


Innate Abilities, Weirdness & Mutations

You are mostly covered in thin metallic scales. (AC +3)
When hurt, damage is shared between your health and your magic reserves.


Message History

The crocodile is lightly wounded.
You block the crocodile's attack.
You slash the crocodile!
The crocodile is heavily wounded.
The crocodile bites you!
You hit the crocodile but do no damage.
The crocodile is heavily wounded.
The crocodile bites you.
* * * LOW HITPOINT WARNING * * *
The crocodile closely misses you.
It was a potion of might.
You feel very mighty all of a sudden. The crocodile closely misses you.
You slash the crocodile!
The crocodile is almost dead.
You block the crocodile's attack.
You barely miss the crocodile.
The crocodile is almost dead.
The crocodile bites you!
You die...

??#. .#(#
#≈≈.
##.≈≈##
#≈≈≈..#
..≈..##
#≈.t#
#≈@##
#...#
##≈.# #..#
#.≈ #..#
#≈.# ##.≈#
#... #.≈.#
#..###≈≈##
#.≈≈#.≈.#


You could see a crocodile.

Vanquished Creatures
  2 orc priests (D:3)
  Ijyb (D:3)
  4 adders
  An ooze (D:3)
  2 worms (D:2)
  2 dart slugs
  A leopard gecko (D:1)
  8 orcs (D:3)
  A ball python (D:3)
  3 bats
  10 giant cockroaches
  6 goblins
  10 hobgoblins
  2 jackals (Sewer)
  9 kobolds
  A quokka (D:3)
  3 frilled lizards
  9 rats
75 creatures vanquished.

Notes
Turn   | Place    | Note
-------+----------+-------------------------------------------
     0 | D:1      | emperorscorpion the Demonspawn Gladiator began the quest
                  | for the Orb.
     0 | D:1      | Reached XP level 1. HP: 16/16 MP: 1/1
   373 | D:1      | Reached skill level 3 in Axes
   423 | D:1      | Gained mutation: You are partially covered in thin metallic
                  | scales. (AC +2) [demonic ancestry]
   423 | D:1      | Reached XP level 2. HP: 22/22 MP: 2/2
   890 | D:2      | Gained mutation: You are mostly covered in thin metallic
                  | scales. (AC +3) [demonic ancestry]
   890 | D:2      | Reached XP level 3. HP: 18/27 MP: 3/3
  2130 | D:3      | Reached skill level 1 in Armour
  2130 | D:3      | Gained mutation: When hurt, damage is shared between your
                  | health and your magic reserves. [demonic ancestry]
  2130 | D:3      | Reached XP level 4. HP: 33/33 MP: 4/4
  2242 | D:3      | Reached skill level 4 in Axes
  2398 | D:3      | Found a faded altar of an unknown god.
  2403 | D:3      | Noticed Ijyb
  2433 | D:3      | Killed Ijyb
  2535 | D:3      | Found a glowing drain.
  2557 | D:3      | Reached XP level 5. HP: 20/39 MP: 1/5
  2593 | Sewer    | Entered a sewer
  2812 | Sewer    | Noticed a crocodile
  2829 | Sewer    | Slain by a crocodile

Vault maps used:
D:1:      dpeg_arrival_rooms_c, corner_web_ring
D:3:      gup_sewer_entry_glass, first_ration, chequers_ecumenical_altar_simple,
          uniq_ijyb
Sewer:    sewer_the_crocodile

Skill      XL: |  1  2  3  4 |
---------------+-------------+-----
Axes           | 3 4 |  4.8
Armour         | 1 |  1.5
Dodging        | 3 |  3.1
Fighting       | |  2.7
Throwing       | |  1.9
Shields        | |  0.6

Action                   |  1- 3 |  4- 6 || total
-------------------------+-------+-------++-------
Melee: War axe           |   120 |   118 ||   238
 Fire: Blowgun           |       |     3 ||     3
  Use: Potion            |       |     5 ||     5
 Stab: Distracted        |     1 |       ||     1
  Eat: Chunk             |    22 |     2 ||    24
Armor: Leather armour    |    46 |    41 ||    87
Dodge: Dodged            |    83 |    86 ||   169
Block: Shield            |     3 |    57 ||    60

Table legend:
 A = Non-vault XP
 B = Vault XP
 C = Vault XP percentage of total XP
 D = Non-vault monster count
 E = Vault monster count
 F = Vault count percentage of total count
                 A         B        C        D         E       F
            +---------+---------+-------+---------+---------+-------
      Total |     249 |      66 |  21.0 |      64 |      11 |  14.7
            +---------+---------+-------+---------+---------+-------
        D:1 |      39 |       0 |   0.0 |      22 |       0 |   0.0
        D:2 |      51 |       0 |   0.0 |      17 |       0 |   0.0
        D:3 |     159 |      58 |  26.7 |      25 |       6 |  19.4
      Sewer |       0 |       8 | 100.0 |       0 |       5 | 100.0
            +---------+---------+-------+---------+---------+-------
